 Dungeon Crawl Stone Soup version 0.31-a0-176-g91f28db67f (webtiles) character file.

Game seed: 13910663258328028300

76 qw the Shooter (level 4, -1/40 HPs)
             Began as a Naga Hunter on June 17, 2023.
             Slain by a hobgoblin (2 damage)
             ... led by Robin
             ... on level 2 of the Dungeon.
             The game lasted 00:00:30 (810 turns).

qw the Shooter (Naga Hunter)                         Turns: 810, Time: 00:00:30

Health: -1/40      AC:  2    Str: 13    XL:     4   Next: 32%
Magic:  4/4        EV:  9    Int:  9    God:
Gold:   69         SH:  0    Dex: 17    Spells: 3/3 levels left

rFire   . . .        Y - +0 shortbow
rCold   . . .        (shield currently unavailable)
rNeg    . . .        c - +0 leather armour
rPois   +            (no helmet)
rElec   .            (no cloak)
rCorr   .            (no gloves)
SInv    +            (no barding)
Will    .....        (no amulet)
Stlth   ++           (no ring)
HPRegen 0.26/turn    (no ring)
MPRegen 0.09/turn

%: no passive effects
@: short of breath, very slow
A: AC +1, large, see invisible, deformed body, poison resistance, slowness 2,
spit poison 1, naga tail 1
a: Spit Poison


You were on level 2 of the Dungeon.
You visited 1 branch of the dungeon, and saw 2 of its levels.

You collected 69 gold pieces.


Innate Abilities, Weirdness & Mutations

Your serpentine skin is tough. (AC +1)
You have supernaturally acute eyesight. (SInv)
Armour fits poorly on your strangely shaped body.
Your system is resistant to poisons. (rPois)
You cover ground very slowly.
You can spit poison.
You have a snake-like lower body.


   Skills:
 + Level 2.5 Fighting
 - Level 5.0 Ranged Weapons
 - Level 1.5 Dodging
 - Level 1.5 Stealth


You had 3 spell levels left.
You didn't know any spells.
Your spell library was empty.

Inventory:

Hand Weapons
 Y - a +0 shortbow (weapon)
Armour
 c - a +0 leather armour (worn)
Scrolls
 a - a scroll of poison {unknown}
 e - 2 scrolls of teleportation
 g - a scroll of enchant armour
Potions
 b - a potion of lignification {unknown}
 f - a potion of mutation {unknown}

Dungeon Overview and Level Annotations

Branches:
Dungeon (2/15)

Altars:
Gozag

Annotations:
D:2 Robin


Message History

The arrow hits the goblin!
You kill the goblin!
The dart slug launches a dart at you. The slug dart hits you.
A frilled lizard comes into view.
Robin roars a battlecry!
The goblins go into a battle-frenzy!
The goblin shoots a sling bullet.
The sling bullet barely misses you.
You shoot an arrow. The frilled lizard hisses angrily.
The arrow hits the goblin!
You kill the goblin!
You have got your breath back.
The dart slug launches a dart at you. The slug dart misses you.
A goblin comes into view. It is wielding a +0 club.
807 ||| INVOKING Spit Poison.
Aiming: Spit Poison (1% risk of failure)
Press: ? - help, Shift-Dir - straight line, f - goblin The splash of poison misses the goblin.
The splash of poison hits the goblin.
The goblin is poisoned.
The goblin is moderately wounded.
Robin throws the goblin at you! The goblin hits you but does no damage.
The goblin hits you with a +0 dagger.
You shoot an arrow. The arrow hits the goblin.
You kill the goblin!
Robin throws the goblin at you! The goblin completely misses you.
The goblin hits you with a +0 club. The goblin barely misses you.
You shoot an arrow. The arrow hits the goblin.
You kill the goblin!
The goblin hits you with a +0 dagger. The goblin hits you with a +0 club. x2
You shoot an arrow. The arrow hits the goblin.
The goblin is moderately wounded.
The goblin hits you with a +0 club. The goblin closely misses you.
The goblin hits you with a +0 club. The hobgoblin closely misses you.
The goblin shoots a sling bullet.
The sling bullet closely misses you.
The sling bullet hits the goblin.
The goblin dies!
The goblin hits you with a +0 dagger. The hobgoblin hits you.
You die... #......... .<....... .%.....$. .).g..... #........ ##).lw.. . #gggg#

..### #g@$#
....##)g##
........#
####.#..##### #.
##........# #)
##..#..###.# #.
#...........#
#.##.#..####....
#....#..######..


You could see Robin, a dart slug, a hobgoblin (strong), 5 goblins and a frilled
lizard.

Vanquished Creatures
  A worm (D:2)
  7 dart slugs
  7 ball pythons
  4 bats (D:1)
  4 endoplasms
  2 giant cockroaches (D:1)
  3 hobgoblins (D:1)
  4 jackals (D:1)
  9 kobolds
  4 frilled lizards
  9 goblins
  2 rats (D:1)
56 creatures vanquished.

Vanquished Creatures (others)
  A goblin (D:2)
1 creature vanquished.

Grand Total: 57 creatures vanquished

Notes
Turn   | Place    | Note
-------+----------+-------------------------------------------
     0 | D:1      | qw the Naga Hunter began the quest for the Orb.
     0 | D:1      | Reached XP level 1. HP: 19/19 MP: 1/1
     0 | D:1      | 0 ||| qw: Version: 0.3-a-5-g6f28e65
     0 | D:1      | 0 ||| qw: Game counter: 456
     0 | D:1      | 0 ||| qw: Always use a shield: true
     0 | D:1      | 0 ||| qw: God list: Okawaru
     0 | D:1      | 0 ||| qw: Allow faded altars: false
     0 | D:1      | 0 ||| qw: Do Orc after D:15 true
     0 | D:1      | 0 ||| qw: Do second Lair branch before Depths: true
     0 | D:1      | 0 ||| qw: Lair rune preference: random
     0 | D:1      | 0 ||| qw: Plans: Normal
     0 | D:1      | 0 ||| PLANNING D:1-11
    42 | D:1      | 42 ||| INVOKING Spit Poison.
    45 | D:1      | 45 ||| INVOKING Spit Poison.
    81 | D:1      | 81 ||| INVOKING Spit Poison.
    82 | D:1      | Reached skill level 4 in Ranged Weapons
    82 | D:1      | Reached XP level 2. HP: 26/26 MP: 2/2
   151 | D:1      | 151 ||| INVOKING Spit Poison.
   157 | D:1      | 157 ||| INVOKING Spit Poison.
   160 | D:1      | 160 ||| INVOKING Spit Poison.
   180 | D:1      | 180 ||| INVOKING Spit Poison.
   182 | D:1      | Reached XP level 3. HP: 32/32 MP: 3/3
   185 | D:1      | 185 ||| INVOKING Spit Poison.
   190 | D:1      | 190 ||| INVOKING Spit Poison.
   196 | D:1      | 196 ||| INVOKING Spit Poison.
   238 | D:1      | 238 ||| INVOKING Spit Poison.
   243 | D:1      | 243 ||| INVOKING Spit Poison.
   277 | D:1      | 277 ||| INVOKING Spit Poison.
   282 | D:1      | 282 ||| INVOKING Spit Poison.
   395 | D:1      | 395 ||| INVOKING Spit Poison.
   416 | D:1      | 416 ||| INVOKING Spit Poison.
   422 | D:1      | 422 ||| INVOKING Spit Poison.
   566 | D:1      | 566 ||| READING scroll labelled YSOSOPR ETOOBB.
   567 | D:1      | 567 ||| READING 3 scrolls labelled GECABEO QIRILOYLAQ.
   571 | D:1      | 571 ||| READING 2 scrolls labelled HAGREEHISO.
   572 | D:1      | 572 ||| DROPPING scroll of butterflies.
   578 | D:2      | Found an opulent altar of Gozag.
   579 | D:2      | 579 ||| INVOKING Spit Poison.
   634 | D:2      | 634 ||| INVOKING Spit Poison.
   637 | D:2      | Reached skill level 5 in Ranged Weapons
   637 | D:2      | Reached XP level 4. HP: 36/39 MP: 4/4
   638 | D:2      | 638 ||| INVOKING Spit Poison.
   659 | D:2      | 659 ||| INVOKING Spit Poison.
   751 | D:2      | 751 ||| INVOKING Spit Poison.
   755 | D:2      | 755 ||| INVOKING Spit Poison.
   790 | D:2      | 790 ||| INVOKING Spit Poison.
   803 | D:2      | 803 ||| INVOKING Spit Poison.
   804 | D:2      | Noticed Robin
   807 | D:2      | 807 ||| INVOKING Spit Poison.
   810 | D:2      | HP: 6/40 [goblin/+0 club[Robin] (5)]
   810 | D:2      | HP: 1/40 [goblin/+0 dagger[Robin] (5)]
   810 | D:2      | Slain by a hobgoblin

Levels and vault maps discovered:
D:1:      amcnicky_arrival_flooded_fountain, layout_rooms, serial_forest,
          infiniplex_forest_clump_tiny, infiniplex_forest_lined_2,
          infiniplex_forest_clump_C, infiniplex_forest_lined_3_way,
          infiniplex_forest_diagonal, infiniplex_forest_end_2,
          minmay_pentomino_p4
D:2:      layout_rooms, basic_altar, uniq_robin

Skill      XL: |  1  2  3 |
---------------+----------+-----
Ranged Weapons | 4 5 |  5.0
Fighting       | |  2.5
Dodging        | |  1.5
Stealth        | |  1.5

Action                     |  1- 3 |  4- 6 || total
---------------------------+-------+-------++-------
   Fire: Shortbow          |    71 |    23 ||    94
Ability: Spit Poison       |    19 |     7 ||    26
    Use: Scroll            |     3 |       ||     3
 Armour: Leather armour    |     6 |     1 ||     7
  Dodge: Dodged            |     8 |     9 ||    17

Table legend:
 A = Non-vault XP
 B = Vault XP
 C = Vault XP percentage of total XP
 D = Non-vault monster count
 E = Vault monster count
 F = Vault count percentage of total count
                 A         B        C        D         E       F
            +---------+---------+-------+---------+---------+-------
      Total |      89 |      20 |  18.3 |      44 |      12 |  21.4
            +---------+---------+-------+---------+---------+-------
        D:1 |      60 |      13 |  17.8 |      31 |       7 |  18.4
        D:2 |      29 |       7 |  19.4 |      13 |       5 |  27.8
            +---------+---------+-------+---------+---------+-------
